 Dungeon Crawl Stone Soup version 0.28-a0-503-g83f2989fac (webtiles) character file.

Game seed: 6222784271598395060

40 spiderkeys the Skirmisher (level 3, -3/26 HPs)
             Began as an Octopode Abyssal Knight on Sept 20, 2021.
             Was a Follower of Lugonu.
             Slain by a goblin (5 damage)
             ... led by Robin
             ... on level 2 of the Dungeon.
             The game lasted 00:02:50 (2141 turns).

spiderkeys the Skirmisher (Octopode Abyssal Knight) Turns: 2141, Time: 00:02:52

Health: -3/26      AC:  1    Str: 13    XL:     3   Next: 50%
Magic:  4/4        EV: 13    Int: 12    God:    Lugonu [*.....]
Gold:   52         SH:  0    Dex: 12    Spells: 2/2 levels left

rFire   . . .      SeeInvis .     - Unarmed
rCold   . . .      Faith    .   (no shield)
rNeg    . . .      Spirit   .   (helmet restricted)
rPois   .          Reflect  .   (no amulet)
rElec   .          Harm     .   (no ring)
rCorr   .          Rampage  .   (no ring)
Will    .....                   (no ring)
Stlth   ++........              (no ring)
HPRegen 0.08/turn               (no ring)
MPRegen 0.09/turn               (no ring)
                                (no ring)
                                (no ring)

@: no status effects
A: almost no armour, amphibious, 8 rings, camouflage 1, gelatinous body 1,
(nimble swimmer 1), tentacles
a: Renounce Religion, Depart the Abyss


You were on level 2 of the Dungeon.
You worshipped Lugonu.
Lugonu was aware of your devotion.
You visited 1 branch of the dungeon, and saw 2 of its levels.
You visited the Abyss 1 time.

You collected 52 gold pieces.


Innate Abilities, Weirdness & Mutations

You cannot wear most types of armour.
You are amphibious.
You can wear up to eight rings at the same time.
Your skin changes colour to match your surroundings (Stealth+).
Your rubbery body absorbs attacks. (AC +1, EV +1)
((You are camouflaged near water. (Stealth+)))
You have tentacles for arms and can constrict up to eight enemies at once.


   Skills:
 + Level 3.3 Fighting
 + Level 2.8 Dodging
 + Level 2.5 Unarmed Combat
 + Level 2.6 Invocations


You had 2 spell levels left.
You didn't know any spells.
Your spell library contained the following spells:

 Spells                   Type           Power      Damage    Failure   Level
 Freeze                   Ice            0%         1d3       32%         1
 Frozen Ramparts          Ice            0%         1d2       69%         3
 Hailstorm                Conj/Ice       0%         3d3       97%         4

Inventory:

Hand Weapons
 a - a +0 hunting sling of flaming
   (You found it on level 1 of the Abyss)
Missiles
 b - 22 poisoned darts
 c - 33 stones
 e - 11 bolts
 f - 12 arrows
 i - 18 sling bullets
Scrolls
 d - a scroll of fear

Dungeon Overview and Level Annotations

Branches:
Dungeon (2/15)

Altars:

Annotations:
D:2 Robin

#.........'## ##.≈..÷.....
#.######....###≈≈≈..≈..≈≈.
#...........##≈≈≈..≈..≈..≈
########....##≈≈...≈.⌠≈..≈
#....##≈≈..≈..≈⌠.≈.
#....##≈≈..≈..≈..≈.
#....###≈...≈≈..≈.. #g...#
##.......≈.. #.@gg#
#........≈≈ ###)g#
#.......... .g# ..g. l##+#
.. .. ..


You could see Robin, 2 hobgoblins, 3 goblins and a frilled lizard.


Message History

You tentacle-slap the giant cockroach but do no damage.
You squeeze the giant cockroach.
You kill the giant cockroach!
Lugonu accepts your kill. The kobold barely misses you.
You tentacle-slap the kobold.
You kill the kobold!
Lugonu accepts your kill.
No target in view!
c - 33 stones (gained 2)
Things that are here:
a +0 short sword; a kobold corpse A dart slug comes into view.
A dart slug is nearby!
A dart slug is nearby!
A dart slug is nearby!
The dart slug barely misses you.
You tentacle-slap the dart slug. You grab the dart slug.
You constrict the dart slug. The dart slug bites you. 😕 HP[-2]
You take 2 damage, and now have 24/26 hp.
You tentacle-slap the dart slug. You squeeze the dart slug.
You constrict the dart slug.
You kill the dart slug!
Lugonu accepts your kill.
No target in view!
As you open the door, it creaks loudly!
Things that are here:
a +0 club; a goblin corpse
Found a faded altar of an unknown god. 😎 HP[+2]
Your hp is fully restored (26).
There is an open door here.
There is an open door here.
There is an open door here.
There is an open door here.
Key pressed, stopping explore.
Key pressed, stopping explore.
A goblin comes into view. It is wielding a +0 club.
A goblin and a hobgoblin come into view.
The hobgoblin shouts!
You hear a shout!
Something unseen opens the door.
The goblin shouts! x2; You hear a shout! x2
You hear a shout!
Robin of the Strong Arm comes into view.
They are wielding a +0 falchion of electrocution and carrying a wand of digging (2).
A goblin comes into view. It is wielding a +0 dagger of flaming.
You hear a shout!
You hear a shout!
Robin zaps a wand.
Some rock shatters into small pieces.
A goblin comes into view. It is wielding a +0 dagger.
The goblin hits you with a +0 club.
You hear an angry hiss. 😕 HP[-1]
You take 1 damage, and now have 25/26 hp.
You barely miss the goblin. Your grab misses the goblin.
A goblin comes into view. It is wielding a +0 dagger.
You barely miss the goblin. Your grab misses the goblin.
Robin roars a battlecry!
The goblins go into a battle-frenzy!
The goblin hits you with a +0 club.
The goblin hits you with a +0 dagger of flaming.
The goblin burns you.
You hear an angry hiss. 😕 HP[-4]
You take 4 damage, and now have 21/26 hp.
You tentacle-slap the goblin.
You kill the goblin!
Lugonu accepts your kill. Robin throws the goblin at you!
The goblin hits you with a +0 dagger of flaming.
The goblin burns you. 😮 HP[-4]
You take 4 damage, and now have 17/26 hp.
You are too injured to fight recklessly!
You are too injured to fight recklessly!
You are too injured to fight recklessly!
Unknown command.
You tentacle-slap the goblin. You grab the goblin. You constrict the goblin.
A frilled lizard comes into view.
The goblin hits you with a +0 dagger.
* * * LOW HITPOINT WARNING * * *
A hobgoblin comes into view.
The goblin hits you with a +0 dagger of flaming.
* * * LOW HITPOINT WARNING * * *
The goblin burns you.
* * * LOW HITPOINT WARNING * * *
The goblin barely misses you. 😱 HP[-15]
You take 15 damage, and now have 2/26 hp.
MASSIVE DAMAGE!! (PAUSE)
The frilled lizard hisses angrily.
You tentacle-slap the goblin but do no damage.
You constrict the goblin.
You kill the goblin!
Lugonu accepts your kill.
Robin roars a battlecry!
The hobgoblin goes into a battle-frenzy!
The goblin hits you with a +0 dagger.
You die...

Action                   || total
-------------------------++-------
Melee: Unarmed           ||    91
       Tentacles         ||    19
       Constrict         ||    17
Invok: Depart the Abyss  ||     1
  Use: Scroll            ||     4
 Stab: Sleeping          ||     3
Armor: Skin              ||    11
Dodge: Dodged            ||    55

Levels and vault maps discovered:
D:1:      dpeg_arrival_three_bigger_balls, layout_basic, serial_park_tiny_2
D:2:      cheibrodos_helix_gallery, layout_basic,
          dreamdust_ecumenical_altar_angels_and_demons, uniq_robin

Notes
Turn   | Place    | Note
-------+----------+-------------------------------------------
     0 | Abyss:1  | spiderkeys the Octopode Abyssal Knight began the quest for
                  | the Orb.
     0 | Abyss:1  | Reached XP level 1. HP: 16/16 MP: 2/2
     0 | Abyss:1  | magus.rc [v1.9.10]
    16 | Abyss:1  | Found a corrupted altar of Lugonu.
   111 | Abyss:1  | Found a corrupted altar of Lugonu.
   208 | Abyss:3  | Noticed a starcursed mass
   216 | Abyss:3  | Noticed a lich
   229 | D:1      | You pass through the gate.
   229 | D:1      | Escaped the Abyss
   483 | D:1      | Reached XP level 2. HP: 21/21 MP: 3/3
  1182 | D:1      | Reached * piety under Lugonu
  1386 | D:1      | Reached XP level 3. HP: 22/26 MP: 4/4
  1521 | D:1      | You pick up a book of Frost and begin reading...
  1521 | D:1      | You add the spells Freeze, Frozen Ramparts and Hailstorm to
                  | your library.
  2087 | D:2      | Found a faded altar of an unknown god.
  2135 | D:2      | Noticed Robin
  2140 | D:2      | HP: 5/26 [goblin[Robin] (6)]
  2140 | D:2      | HP: 2/26 [goblin[Robin] (3)]
  2141 | D:2      | Slain by a goblin

Vanquished Creatures
  3 dart slugs
  4 endoplasms
  2 giant cockroaches
  3 goblins (D:2)
  2 hobgoblins (D:1)
  3 kobolds
  4 quokkas (D:1)
  3 bats
  5 frilled lizards
  3 rats (D:1)
32 creatures vanquished.

Table legend:
 A = Non-vault XP
 B = Vault XP
 C = Vault XP percentage of total XP
 D = Non-vault monster count
 E = Vault monster count
 F = Vault count percentage of total count
                 A         B        C        D         E       F
            +---------+---------+-------+---------+---------+-------
      Total |      53 |       7 |  11.7 |      28 |       4 |  12.5
            +---------+---------+-------+---------+---------+-------
        D:1 |      42 |       0 |   0.0 |      23 |       0 |   0.0
        D:2 |      11 |       7 |  38.9 |       5 |       4 |  44.4
            +---------+---------+-------+---------+---------+-------

Illustrated notes

Table legend:
 A = Kills in this place as a percentage of kills in entire the game.
 B = Kills by you in this place as a percentage of kills by you in the entire game.
 C = Kills by friends in this place as a percentage of kills by friends in the entire game.
 D = Other kills in this place as a percentage of other kills in the entire game.
 E = Experience gained in this place as a percentage of experience gained in the entire game.
 F = Experience gained in this place divided by the number of levels of this place that you have seen.
                   A       B       C       D       E      F
               +-------+-------+-------+-------+-------+----------------------
         Total | 100.0 | 100.0 |   N/A |   N/A | 100.0 |  12.0
       Dungeon | 100.0 | 100.0 |   N/A |   N/A | 100.0 |  30.0
               +-------+-------+-------+-------+-------+----------------------

Table legend: (Time is in decaauts)
 A = Elapsed time spent in this place.
 B = Non-inter-level travel time spent in this place.
 C = Inter-level travel time spent in this place.
 D = Time resting spent in this place.
 E = Time spent auto-exploring this place.
 F = Levels seen in this place.
 G = Mean time per level.
                   A        B        C        D        E       F      G
               +--------+--------+--------+--------+--------+-----+--------+
         Total |   2136 |   2123 |     13 |      0 |   1658 |   5 |  427.2 |
       Dungeon |   1907 |   1894 |     13 |      0 |   1658 |   2 |  953.5 |
         Abyss |    228 |    228 |      0 |      0 |      0 |   3 |   76.0 |
               +--------+--------+--------+--------+--------+-----+--------+

Top non-repeatable levels by time:
     D:1: 1627 daAuts
     D:2: 280 daAuts
 Abyss:1: 149 daAuts
 Abyss:3: 52 daAuts
 Abyss:2: 26 daAuts
